 Dungeon Crawl Stone Soup version 0.28-a0-1387-g3a22ab9bdc (webtiles) character file.

Game seed: 15228703599816350700

80 Sabo the Digger (level 4, -5/39 HPs)
             Began as a Troll Earth Elementalist on Jan 2, 2022.
             Was an Initiate of Ashenzari.
             Slain by Menkaure (20 damage)
             ... on level 4 of the Dungeon.
             The game lasted 00:23:29 (3124 turns).

Sabo the Digger (Troll Earth Elementalist)          Turns: 3124, Time: 00:23:29

Health: -5/39      AC:  4    Str: 16    XL:     4   Next: 18%
Magic:  12/14      EV: 14    Int: 13    God:    Ashenzari [......]
Gold:   237        SH:  0    Dex: 10    Spells: 4/6 levels left

rFire   . . .      SeeInvis .   f - +2 dagger (freeze)
rCold   . . .      Faith    .   (no shield)
rNeg    . . .      Spirit   .   b - +0 robe
rPois   .          Reflect  .   (helmet restricted)
rElec   .          Harm     .   (no cloak)
rCorr   .          Rampage  .   (gloves unavailable)
Will    .....                   (boots unavailable)
Stlth   +.........              (no amulet)
HPRegen 0.93/turn               e - ring of Supernal Knowledge {EV+4, Alch, Range} (curse)
MPRegen 0.14/turn               h - ring of magical power

@: no status effects
A: large, unfitting armour, claws 3, regeneration 1, shaggy fur 1, tough skin 1
a: Renounce Religion, Curse Item, Shatter the Chains


You were on level 4 of the Dungeon.
You worshipped Ashenzari.
Ashenzari was noncommittal.
You visited 1 branch of the dungeon, and saw 4 of its levels.

You collected 237 gold pieces.

Inventory:

Hand Weapons
 f - a +2 dagger of freezing (weapon)
 q - a +0 hand axe
Missiles
 c - 67 stones
 g - 41 sling bullets
 o - 17 bolts
 t - 6 boomerangs (quivered)
Armour
 b - a +0 robe (worn)
Jewellery
 e - the cursed ring of Supernal Knowledge (left claw) {EV+4, Alch, Range}
   (You found it on level 1 of the Dungeon)

   [ring of evasion]

   EV:        It affects your evasion (+4).
   It has a curse which improves the following skills: Alchemy: Poison Magic and
   Transmutations.
   Ranged Combat: Slings, Bows, Crossbows and Throwing.
 h - a ring of magical power (right claw)
 i - a ring of wizardry
Scrolls
 d - a scroll of enchant weapon
 j - 2 scrolls of teleportation
 l - a scroll of amnesia
 m - a scroll of silence
 n - a scroll of brand weapon {unknown}
 p - 2 scrolls of blinking
Potions
 r - a potion of curing {unknown}
 s - a potion of invisibility {unknown}


   Skills:
 + Level 0.2 Fighting
 + Level 0.6 Short Blades
 + Level 1.9 Dodging
 + Level 1.0 Stealth
 + Level 1.6 Spellcasting
 + Level 0.6(0.9) Transmutations
 + Level 3.9 Earth Magic


You had 4 spell levels left.
You knew the following spells:

 Your Spells              Type           Power      Damage    Failure   Level
a - Sandblast             Erth           22%        2d7       5%          1
b - Shock                 Conj/Air       4%         1d3       26%         1

Your spell library contained the following spells:

 Spells                   Type           Power      Damage    Failure   Level
 Passwall                 Tmut/Erth      5%         N/A       14%         2
 Stone Arrow              Conj/Erth      12%        3d7       34%         3
 Petrify                  Tmut/Erth      7%         N/A       67%         4


Dungeon Overview and Level Annotations

Branches:
Dungeon (4/15)
 Temple: D:4-7

Altars:
Ashenzari
Kikubaaqudgha

Annotations:
D:4 Menkaure


Innate Abilities, Weirdness & Mutations

You are too large for most types of armour.
You have claws for hands.
Your natural rate of healing is unusually fast.
You are covered in fur. (AC +1)
You have tough skin. (AC +1)


Message History

c - 67 stones Menkaure hits you!!
* * * LOW HITPOINT WARNING * * *
You feel much better. Menkaure closely misses you.
You barely miss Menkaure.
Menkaure is moderately damaged.
Menkaure closely misses you.
You hit Menkaure but do no damage.
Menkaure is moderately damaged.
Menkaure calls on the powers of darkness!
Your body is wracked with pain!
Menkaure completely misses you.
You closely miss Menkaure.
Menkaure is moderately damaged.
Menkaure misses you.
You hit Menkaure.
Menkaure is heavily damaged.
Menkaure closely misses you.
You closely miss Menkaure.
Menkaure is heavily damaged.
Menkaure barely misses you.
You hit Menkaure.
Menkaure is severely damaged.
Menkaure calls on the powers of darkness!
Your body is wracked with pain!
* * * LOW HITPOINT WARNING * * *
You feel much better. Menkaure closely misses you.
Menkaure rustles a few words.
Menkaure barely misses you.
You barely miss Menkaure.
Menkaure is severely damaged.
Menkaure hits you!
You barely miss Menkaure.
Menkaure is severely damaged.
Menkaure calls on the powers of darkness!
Your body is wracked with pain!
You hit Menkaure but do no damage.
Menkaure is severely damaged.
Menkaure hits you!!
Ouch! That really hurt!
You die...

################
#.....)..M@...<#
#.#..###########
♣♣. .♣ ≈. !.≈
.≈. _.≈.


You could see Menkaure (fast).

Vanquished Creatures
  An adder (D:2)
  2 worms (D:2)
  2 dart slugs
  6 orcs
  3 ball pythons
  4 endoplasms
  2 giant cockroaches
  4 goblins
  5 hobgoblins
  5 jackals
  3 quokkas
  6 bats
  2 frilled lizards
  4 kobolds
  4 rats
53 creatures vanquished.

Vanquished Creatures (others)
  5 toadstools (D:1)
5 creatures vanquished.

Grand Total: 58 creatures vanquished

Notes
Turn   | Place    | Note
-------+----------+-------------------------------------------
     0 | D:1      | Sabo the Troll Earth Elementalist began the quest for the
                  | Orb.
     0 | D:1      | Reached XP level 1. HP: 16/16 MP: 1/1
   205 | D:1      | Reached skill level 3 in Earth Magic
   234 | D:1      | Reached XP level 2. HP: 20/24 MP: 0/2
   632 | D:1      | Found a faded altar of an unknown god.
   655 | D:1      | Got Plato's Reference Book on Air
   664 | D:1      | Prayed at the altar of an unknown god.
   664 | D:1      | Became a worshipper of Ashenzari the Shackled
   672 | D:1      | Learned a level 1 spell: Shock
  1164 | D:1      | Reached XP level 3. HP: 31/31 MP: 4/4
  2489 | D:3      | Reached XP level 4. HP: 39/39 MP: 5/5
  3100 | D:4      | Found an ancient bone altar of Kikubaaqudgha.
  3105 | D:4      | Noticed Menkaure
  3124 | D:4      | Slain by Menkaure

Illustrated notes

Levels and vault maps discovered:
D:1:      heliophobic_arrival_henge, layout_loops_ring,
          shapermc_ecumenical_altar_rom_forum, corner_web_ring,
          minmay_gold_behind_fungi
D:2:      layout_loops_ring
D:3:      layout_loops_cross
D:4:      layout_basic, mainiacjoe_overflow_paths, uniq_robin, uniq_menkaure

Skill      XL: |  1 |
---------------+----+-----
Earth Magic    | 3 |  3.9
Fighting       | |  0.2
Short Blades   | |  0.6
Dodging        | |  1.9
Stealth        | |  1.0
Spellcasting   | |  1.6
Transmutations | |  0.6

Action                   |  1- 3 |  4- 6 || total
-------------------------+-------+-------++-------
Melee: Dagger            |   100 |    10 ||   110
       Unarmed           |     4 |       ||     4
 Cast: Sandblast         |    37 |    13 ||    50
Invok: Curse Item        |     1 |       ||     1
  Use: Scroll            |     1 |     4 ||     5
       Potion            |     1 |     2 ||     3
Armor: Robe              |    34 |       ||    34
Dodge: Dodged            |    74 |     9 ||    83

Table legend: (Time is in decaauts)
 A = Elapsed time spent in this place.
 B = Non-inter-level travel time spent in this place.
 C = Inter-level travel time spent in this place.
 D = Time resting spent in this place.
 E = Time spent auto-exploring this place.
 F = Levels seen in this place.
 G = Mean time per level.
                   A        B        C        D        E       F      G
               +--------+--------+--------+--------+--------+-----+--------+
         Total |   3120 |   3120 |      0 |    657 |      0 |   4 |  780.0 |
       Dungeon |   3120 |   3120 |      0 |    657 |      0 |   4 |  780.0 |
               +--------+--------+--------+--------+--------+-----+--------+

Top non-repeatable levels by time:
     D:1: 1435 daAuts
     D:3: 851 daAuts
     D:2: 801 daAuts
     D:4: 32 daAuts
